 Dungeon Crawl Stone Soup version 0.32-a0-656-g3542139ebd (webtiles) character file.

Game seed: 10308294775688639577

17 backslashecho the Shield-Bearer (level 2, 0/26 HPs)
             Began as a Mountain Dwarf Fighter on Mar 9, 2024.
             Slain by a gnoll
             ... wielding a +0 whip
              (1 damage)
             ... on level 2 of the Dungeon.
             The game lasted 00:01:01 (647 turns).

backslashecho the Shield-Bearer (MDFi)               Turns: 647, Time: 00:01:02

Health: 0/26       AC:  6    Str: 18    XL:     2   Next: 44%
Magic:  2/2        EV:  9    Int:  8    God:
Gold:   82         SH:  4    Dex:  9    Spells: 1/1 levels left

rFire   . . .        a - +0 war axe
rCold   . . .        c - +0 buckler
rNeg    . . .        b - +0 scale mail
rPois   .            (no helmet)
rElec   .            (no cloak)
rCorr   .            (no gloves)
SInv    .            (no boots)
Will    .....        (no amulet) Stlth
                     (no ring)
HPRegen 0.24/turn    (no ring)
MPRegen 0.08/turn

%: no passive effects
@: no status effects
A: runic magic, artefact enchanting
a: no special abilities


You were on level 2 of the Dungeon.
You visited 1 branch of the dungeon, and saw 2 of its levels.

You collected 82 gold pieces.

Inventory:

Hand Weapons
 a - a +0 war axe (weapon)
Missiles
 j - 2 poisoned darts (quivered)
Armour
 b - a +0 scale mail (worn)
 c - a +0 buckler (worn)
Jewellery
 f - a ring of ice
Scrolls
 e - 2 scrolls of identify {unknown}
Potions
 d - a potion of might
 g - a potion of mutation {unknown}
 h - a potion of attraction {unknown}
 i - a potion of invisibility {unknown}


   Skills:
 + Level 3.5 Fighting
 * Level 3.2 Axes
 - Level 3.2 Armour
 + Level 3.5 Shields


You had one spell level left.
You didn't know any spells.
Your spell library was empty.

Dungeon Overview and Level Annotations

Branches:
Dungeon (2/15)

Altars:


Innate Abilities, Weirdness & Mutations

Your spellcasting is much less encumbered by armour.
You can use scrolls of enchantment on lesser artefacts.


Message History

You kill the hobgoblin!
The quokka closely misses you.
You closely miss the quokka. The quokka bites you.
You take 3 damage, and have 18/26 hp.
You barely miss the quokka. The quokka misses you.
The quokka bites you but does no damage.
You barely miss the quokka.
The quokka bites you but does no damage.
The quokka barely misses you.
You hit the quokka.
You kill the quokka!
You slash the kobold!
You kill the kobold!
No target in view!
Items here: ( ) ††.
No target in view!
Found a stone staircase leading down.
Health restored: 26
Items here: ( ) ††.
Done exploring.
Done exploring.
There is a stone staircase leading down here.
You climb downwards.
There is a stone staircase leading up here.
You climb upwards.
There is a stone staircase leading down here.
There is a stone staircase leading down here.
You climb downwards.
The kobold shouts!
You hear a shout!
Found a stone staircase leading down.
There is a stone staircase leading up here.
You climb upwards.
There is a stone staircase leading down here.
Items here: ( ) ††.
There is a stone staircase leading down here.
You climb downwards.
The endoplasm quivers.
There is a stone staircase leading up here.
There are monsters nearby!
You slash the bat!
You kill the bat!
The endoplasm barely misses you.
You hit the endoplasm but do no damage.
The endoplasm hits you but does no damage.
You block the endoplasm's attack.
You barely miss the endoplasm. The endoplasm closely misses you.
You hit the endoplasm.
You kill the endoplasm!
No target in view!
No target in view!
No target in view!
No target in view!
Found a stone staircase leading down.
A gnoll comes into view. It is wielding a +0 spear.
A gnoll is nearby!
A gnoll is nearby!
A gnoll is nearby!
A gnoll is nearby!
A gnoll is nearby!
A gnoll is nearby!
The gnoll hits you from afar with a +0 spear.
There is a stone staircase leading up here.
You take 3 damage, and have 23/26 hp.
The gnoll barely misses you.
You see here a bat corpse.
You hit the gnoll.
The gnoll is moderately wounded.
The gnoll barely misses you. The gnoll hits you with a +0 spear.
You barely miss the gnoll.
The gnoll is moderately wounded.
The gnoll closely misses you.
You take 6 damage, and have 17/26 hp.
MASSIVE DAMAGE!!
You barely miss the gnoll.
The gnoll is moderately wounded.
A gnoll comes into view. It is wielding a +0 whip.
The gnoll hits you with a +0 spear. x2
A gnoll comes into view. It is wielding a +0 whip.
You take 7 damage, and have 10/26 hp.
MASSIVE DAMAGE!!
You are too injured to fight recklessly!
The gnoll shouts! x2
You hit the gnoll but do no damage.
The gnoll is moderately wounded.
You hear a shout!
The gnoll barely misses you.
You are too injured to fight recklessly!
You barely miss the gnoll.
The gnoll is moderately wounded.
You hit the gnoll. The gnoll hits you but does no damage.
The gnoll barely misses you.
A gnoll comes into view.
It is wielding a +0 whip and quivering a throwing net.
You are too injured to fight recklessly!
You hit the gnoll.
The gnoll is heavily wounded.
You hit the gnoll. You block the gnoll's attack. The gnoll closely misses you.
The gnoll hits you with a +0 whip. The gnoll hits you with a +0 spear!
* * * LOW HITPOINT WARNING * * *
You are too injured to fight recklessly!
You take 9 damage, and have 1/26 hp.
MASSIVE DAMAGE!!
The gnoll attacks as it pursues you! The gnoll hits you with a +0 whip.
You die...

# # # .# . .# #
.# ###.##.. .#
>.... ... .# ...
..>. .# .# .....
.# .#
......######.#.#
.#
..........@gg..#
.#
...#..######.###
.# #. g# .# # g.
.. .## .. .# #.#
.# .#


You could see 2 gnolls.

Vanquished Creatures
  2 endoplasms
  2 giant cockroaches (D:1)
  A goblin (D:1)
  2 hobgoblins (D:1)
  3 kobolds (D:1)
  A quokka (D:1)
  A ball python (D:1)
  3 bats
15 creatures vanquished.

Notes
Turn   | Place    | Note
-------+----------+-------------------------------------------
     0 | D:1      | backslashecho the Mountain Dwarf Fighter began the quest
                  | for the Orb.
     0 | D:1      | Reached XP level 1. HP: 19/19 MP: 1/1
   262 | D:1      | Reached XP level 2. HP: 26/26 MP: 2/2
   646 | D:2      | HP: 1/26 [gnoll/+0 spear (8)]
   647 | D:2      | Slain by a gnoll

Illustrated notes

Levels and vault maps discovered:
D:1:      sevenhm_arrival_forest_fort_large_4, layout_rooms, st_stairs_8
D:2:      layout_loops_ring, basic_altar, uniq_robin

Skill      XL: |  1 |
---------------+----+-----
Axes           | 3 |  3.2
Fighting       | |  3.5
Armour         | |  3.2
Shields        | |  3.5

Action                     || total
---------------------------++-------
  Melee: War axe           ||    47
  Throw: Dart              ||     1
 Armour: Scale mail        ||    38
  Dodge: Dodged            ||    33
  Block: Buckler           ||     8

Table legend: (Time is in decaauts)
 A = Elapsed time spent in this place.
 B = Non-inter-level travel time spent in this place.
 C = Inter-level travel time spent in this place.
 D = Time resting spent in this place.
 E = Time spent auto-exploring this place.
 F = Levels seen in this place.
 G = Mean time per level.
                   A        B        C        D        E       F      G
               +--------+--------+--------+--------+--------+-----+--------+
         Total |    665 |    607 |     58 |      0 |    468 |   2 |  332.5 |
       Dungeon |    665 |    607 |     58 |      0 |    468 |   2 |  332.5 |
               +--------+--------+--------+--------+--------+-----+--------+

Top non-repeatable levels by time:
     D:1: 640 daAuts
     D:2: 25 daAuts
